 Dungeon Crawl Stone Soup version 0.22-a0-782-g038298e (webtiles) character file.

1556 Mgcat the Grappler (level 8, 0/59 HPs)
             Began as a Yellow Draconian Transmuter on July 20, 2018.
             Was an Initiate of Sif Muna.
             Killed by divine providence
             ... invoked by an orc priest
              (14 damage)
             ... on level 6 of the Dungeon.
             The game lasted 00:19:33 (5618 turns).

Mgcat the Grappler (Yellow Draconian Transmuter)    Turns: 5618, Time: 00:19:33

Health: 0/59       AC:  2    Str: 14    XL:     8   Next: 58%
Magic:  11/11      EV: 19    Int: 18    God:    Sif Muna [......]
Gold:   289        SH:  0    Dex: 16    Spells: 5/11 levels left

rFire    . . .     SeeInvis .     - Unarmed
rCold    . . .     Gourm    .   (shield currently unavailable)
rNeg     + . .     Faith    .   (armour unavailable)
rPois    .         Spirit   .   (helmet currently unavailable)
rElec    .         Reflect  .   (cloak currently unavailable)
rCorr    .         Harm     .   (gloves currently unavailable)
MR       .....                  (boots currently unavailable)
Stlth    +.........             q - amulet of magic regeneration
HPRegen  0.19/turn              t - ring "Zuzxul Sare" {*Drain +Fly rPois rN+ Int+3}
MPRegen  0.37/turn              o - +3 ring of slaying

@: spider-form
A: tiny, (spit acid), (acid resistance), unfitting armour, subdued magic 1, AC
+6
a: End Transformation, Renounce Religion, Evoke Flight


You were on level 6 of the Dungeon.
You worshipped Sif Muna.
Sif Muna was noncommittal.
You were hungry.
You were a venomous arachnid creature.
You visited 2 branches of the dungeon, and saw 7 of its levels.

You collected 289 gold pieces.

Inventory:

Hand Weapons
 y - the +8 war axe of Accord (melded) {chop, Fragile rC- rN++ Dex+8}
   (You found it on level 5 of the Dungeon)

   It inflicts extra damage upon your enemies.
   It affects your dexterity (+8).
   It makes you vulnerable to cold.
   It greatly protects you from negative energy.
   It will be destroyed if unequipped.
Missiles
 a - 74 arrows
 p - 2 throwing nets {=f, !d}
Armour
 k - a +1 cloak (melded)
   (You found it on level 2 of the Dungeon)
Magical Staves
 d - an uncursed staff of conjuration {!a}
   (You found it on level 4 of the Dungeon)
Jewellery
 b - an uncursed ring of flight {+Fly, !d}
   (You found it on level 1 of the Dungeon)
 o - a +3 ring of slaying (right front leg)
   (You found it on level 2 of the Dungeon)
 q - an amulet of magic regeneration (around neck)
   (You found it on level 2 of the Dungeon)
 t - the ring "Zuzxul Sare" (left front leg) {*Drain +Fly rPois rN+ Int+3}
   (You found it on level 5 of the Dungeon)

   [ring of poison resistance]

   It affects your intelligence (+3).
   It protects you from poison.
   It protects you from negative energy.
   It lets you fly.
   It causes draining when unequipped.
 w - an uncursed ring of poison resistance {rPois, !d}
   (You found it on level 5 of the Dungeon)
 x - an uncursed ring of protection from magic {MR+, !d}
   (You found it on level 5 of the Dungeon)
Wands
 s - a wand of digging (15)
   (You found it on level 3 of the Dungeon)
Scrolls
 f - 2 scrolls of fog
 h - a scroll of remove curse
 l - 6 scrolls of identify
 n - 2 scrolls of amnesia
 r - a scroll of teleportation
Potions
 e - 3 potions of mutation {!q}
 g - a potion of cancellation
 j - a potion of resistance {unknown}
 m - 2 potions of agility {unknown}
 u - a potion of heal wounds {unknown}
 v - a potion of haste
Comestibles
 c - 13 rations
 i - 2 chunks of flesh {@w0}


   Skills:
 - Level 1.1 Fighting
 - Level 1.7 Dodging
 + Level 9.5 Unarmed Combat
 - Level 2.0 Spellcasting
 - Level 5.2 Transmutations
 - Level 3.0 Poison Magic


You had 5 spell levels left.
You knew the following spells:

 Your Spells              Type           Power        Failure   Level  Hunger
a - Beastly Appendage     Tmut           ###...       6%          1    #......
b - Sticks to Snakes      Tmut           ###.....     9%          2    ###....
c - Spider Form           Tmut/Pois      ##........   21%         3    ###....

Your spell library contained the following spells:

 Spells                   Type           Power        Failure   Level  Hunger
 Blade Hands              Tmut           ###.......   67%         5    ######.
 Ice Form                 Ice/Tmut       #.......     69%         4    #####..


Dungeon Overview and Level Annotations

Branches:
Dungeon (6/15)             Temple (1/1) D:5

Altars:
Ashenzari
Dithmenos
Elyvilon
Fedhas
Gozag
Hepliaklqana
Kikubaaqudgha
Makhleb
Nemelex Xobeh
Okawaru
Qazlal
Ru
Sif Muna
Trog
Uskayaw
Vehumet
Wu Jian
Xom
Yredelemnul
Zin
The Shining One

Shops:
D:4 *

Annotations:
D:3 1 runed door, Kavrick's ghost, amateur HuFi


Innate Abilities, Weirdness & Mutations

((You can spit globs of acid.))
((You are resistant to acid.))
((Your golden yellow scales are hard. (AC +6)))
You cannot fit into any form of body armour.
((You are cold-blooded and may be slowed by cold attacks.))
((Your tail ends in a poisonous barb.))
((Your flesh is heat resistant. (rF+)))
Your spells are a little easier to cast, but a little less powerful.


Message History

Your Unarmed Combat skill increases to level 9!
Your transformation has ended.
The +8 war axe of Accord {chop, Fragile rC- rN++ Dex+8} unmelds from your body.
Your +1 cloak unmelds from your body.
You see here a giant cockroach corpse.
You butcher the giant cockroach corpse.
A leopard gecko comes into view.
You see here 2 chunks of flesh {@w0}.
The leopard gecko hisses angrily.
The leopard gecko bites you.
You slash the leopard gecko!
You kill the leopard gecko!
Sif Muna accepts your kill.
i - 2 chunks of flesh {@w0} A hound comes into view.
The hound barks!
The shadow imp appears out of thin air!
A shadow imp comes into view.
The shadow imp shouts, "Flee, thou bootless beetle-headed swadder!"
Casting: Spider Form (safe; 8% risk of failure)
Confirm with . or Enter, or press ? or * to list all spells.
You turn into a venomous arachnid creature.
The +8 war axe of Accord {chop, Fragile rC- rN++ Dex+8} melds into your body.
Your +1 cloak melds into your body.
The hound barely misses you.
You barely miss the hound. The hound bites you.
You bite the hound!
The hound is poisoned.
The hound is severely wounded.
The hound bites you. The hound barely misses you.
You bite the hound!
You kill the hound!
Sif Muna accepts your kill.
You bite the shadow imp!
You kill the shadow imp!
Sif Muna accepts your kill.
An orc comes into view.
Your transformation is almost over.
The orc moves out of view.
An orc comes into view. It is wielding a club.
The orc shouts!
You hear a shout! x2
An orc priest comes into view. It is wielding a falchion.
An orc warrior comes into view. It is wielding a scimitar.
An orc comes into view. It is wielding a hand axe.
The orc warrior shouts!
The orc closely misses you.
You bite the orc!
You kill the orc!
Sif Muna accepts your kill.
You barely miss the orc. You bite the orc!
You kill the orc!
Sif Muna accepts your kill.
Things that are here:
a club; a ring mail The orc warrior completely misses you.
The orc priest invokes the aid of Beogh against you.
Pain shoots through your body!
You bite the orc warrior!
The orc warrior is poisoned.
The orc warrior is moderately wounded.
Your transformation has ended.
The +8 war axe of Accord {chop, Fragile rC- rN++ Dex+8} unmelds from your body.
Your +1 cloak unmelds from your body.
The orc priest calls down the wrath of Beogh upon you.
You are unaffected.
The orc warrior hits you with a scimitar!
The orc misses you.
Things that are here:
a club; a ring mail
Casting: Spider Form (safe; 8% risk of failure)
Confirm with . or Enter, or press ? or * to list all spells.
You turn into a venomous arachnid creature.
The +8 war axe of Accord {chop, Fragile rC- rN++ Dex+8} melds into your body.
Your +1 cloak melds into your body.
You are feeling hungry.
The orc priest barely misses you.
You barely miss the orc priest. You barely miss the orc priest.
The orc priest misses you.
You barely miss the orc priest.
The orc priest hits you with a falchion!
You hit the orc priest.
The orc priest is poisoned.
The orc priest is moderately wounded.
You bite the orc warrior!
The orc warrior is almost dead.
The orc priest calls down the wrath of Beogh upon you.
Beogh smites you!
* * * LOW HITPOINT WARNING * * *
You feel better. The orc warrior closely misses you.
You hit the orc warrior but do no damage.
The orc warrior looks even sicker.
The orc warrior is almost dead.
You barely miss the orc warrior.
The orc warrior is almost dead.
The orc warrior completely misses you.
You hit the orc warrior but do no damage.
The orc warrior looks as sick as possible!
The orc warrior is almost dead.
You kill the orc warrior!
Sif Muna accepts your kill.
The orc priest calls down the wrath of Beogh upon you.
Beogh smites you!
You die...

##### .....# #####...+
..... ...... #.......# ...#
#....# #.......#
..####....# #.......#
#...##....#
#.......######...##....###
#.........................
#.......######..[##.###...
#....>.oos................
#.......######...###......
#.......############......
####.................[.....
#.........########.........
#.....<...## #.........
#..........# #..........
########...# #...........
#...# #............


You could see an orc priest and an orc.

Vanquished Creatures
  A troll (D:4)
  An orc warrior (D:6)
  A water moccasin (D:4)
  A sky beast (D:6)
  A phantom (D:6)
  2 ogres (D:5)
  A centaur (D:5)
  A bullfrog (D:6)
  A scorpion (D:4)
  A bullfrog zombie (D:5)
  A howler monkey (D:6)
  2 jellies
  A hound (D:6)
  An orc wizard (D:4)
  3 iguanas
  3 worker ants
  A howler monkey skeleton (D:4)
  5 adders
  7 gnolls
  4 shadow imps
  An ooze (D:5)
  An adder skeleton (D:4)
  4 worms
  3 dart slugs (D:1)
  3 leopard geckos
  12 orcs
  3 giant cockroaches
  8 hobgoblins
  10 jackals
  A quokka (D:2)
  2 ball pythons
  8 bats
  9 frilled lizards
  8 goblins
  10 kobolds
  A leopard gecko skeleton (D:2)
  10 rats
133 creatures vanquished.

Notes
Turn   | Place    | Note
-------+----------+-------------------------------------------
     0 | D:1      | Mgcat the Draconian Transmuter began the quest for the Orb.
     0 | D:1      | Reached XP level 1. HP: 16/16 MP: 3/3
   143 | D:1      | Reached XP level 2. HP: 21/23 MP: 3/5
   147 | D:1      | Learned a level 2 spell: Sticks to Snakes
   738 | D:1      | Reached XP level 3. HP: 26/28 MP: 4/6
   968 | D:2      | Reached skill level 3 in Transmutations
  1005 | D:2      | Gained mutation: You are occasionally teleported next to monsters. [potion of mutation]
  1005 | D:2      | Gained mutation: Your mind is acute. (Int +2) [potion of mutation]
  1005 | D:2      | Gained mutation: You are weak. (Str -2) [potion of mutation]
  1005 | D:2      | Gained mutation: Your tail ends in a poisonous barb. [potion of mutation]
  1017 | D:2      | HP: 3/28 [gnoll (6)]
  1054 | D:2      | Lost mutation: Your mind is acute. (Int +2) [potion of mutation]
  1054 | D:2      | Lost mutation: You are occasionally teleported next to monsters. [potion of mutation]
  1054 | D:2      | Gained mutation: You tend to lose your temper in combat. [potion of mutation]
  1054 | D:2      | Gained mutation: Your spells are a little easier to cast, but a little less powerful. [potion of mutation]
  1054 | D:2      | Lost mutation: You are weak. (Str -2) [potion of mutation]
  1054 | D:2      | Gained mutation: You have a pair of small horns on your head. [potion of mutation]
  1055 | D:2      | Lost mutation: You tend to lose your temper in combat. [potion of mutation]
  1055 | D:2      | Lost mutation: You have a pair of small horns on your head. [potion of mutation]
  1055 | D:2      | Gained mutation: Your flesh is heat resistant. (rF+) [potion of mutation]
  1060 | D:2      | Learned a level 3 spell: Spider Form
  1277 | D:2      | Reached skill level 4 in Unarmed Combat
  1327 | D:2      | Reached XP level 4. HP: 26/35 MP: 3/7
  1701 | D:2      | Reached skill level 1 in Poison Magic
  2068 | D:3      | Reached XP level 5. HP: 15/40 MP: 3/8
  2348 | D:3      | Found a runed door.
  2356 | D:3      | Noticed Kavrick's ghost (amateur HuFi)
  2487 | D:3      | Reached skill level 2 in Poison Magic
  2647 | D:3      | Reached skill level 4 in Transmutations
  2722 | D:4      | Noticed a troll
  2744 | D:4      | Killed a troll
  2744 | D:4      | Reached skill level 5 in Unarmed Combat
  2744 | D:4      | Reached skill level 3 in Poison Magic
  2744 | D:4      | Reached XP level 6. HP: 18/47 MP: 7/9
  3289 | D:4      | Found Ogatypsy's Serpentskin Sales.
  3289 | D:4      | Noticed a water moccasin
  3296 | D:4      | Killed a water moccasin
  3296 | D:4      | Reached skill level 5 in Transmutations
  3296 | D:4      | Your scales start taking on a golden yellow colour.
  3296 | D:4      | Reached XP level 7. HP: 16/52 MP: 6/10
  3722 | D:4      | Reached skill level 6 in Unarmed Combat
  4006 | D:5      | Entered Level 5 of the Dungeon
  4131 | D:5      | Found a staircase to the Ecumenical Temple.
  4143 | D:5      | Reached skill level 7 in Unarmed Combat
  4176 | Temple   | Entered the Ecumenical Temple
  4520 | Temple   | Became a worshipper of Sif Muna the Loreminder
  4558 | D:5      | HP: 4/52 [ogre/giant club (23)]
  4902 | D:5      | Reached XP level 8. HP: 59/59 MP: 11/11
  5258 | D:5      | Reached skill level 8 in Unarmed Combat
  5411 | D:5      | Got a transparent granite ring
  5413 | D:5      | Identified the ring "Zuzxul Sare" {*Drain +Fly rPois rN+ Int+3} (You found it on level 5 of the Dungeon)
  5420 | D:5      | Got a twisted war axe
  5421 | D:5      | Identified the +8 war axe of Accord {chop, Fragile rC- rN++ Dex+8} (You found it on level 5 of the Dungeon)
  5569 | D:6      | Reached skill level 9 in Unarmed Combat
  5614 | D:6      | HP: 5/59 [orc priest/divine providence (14)]
  5618 | D:6      | Killed from afar by an orc priest

Vault maps used:
D:1:      matt_arrival_los_fun, serial_forest, infiniplex_forest_straight_4,
          infiniplex_forest_clump_small, infiniplex_forest_3_way,
          infiniplex_forest_zigzag_2, infiniplex_forest_end_double
D:2:      minmay_misc_feat_columns, minmay_unequal
D:3:      ebering_ghost_reflecting_pool, grunt_decor_resistance, st_stairs_13
D:4:      first_ration, guppyfry_shop_venom
D:5:      minmay_temple_entry_trees
D:6:      hangedman_decor_riveting
Temple:   nicolae_temple_the_god_donut

Skill      XL: |  1  2  3  4  5  6  7  8 |
---------------+-------------------------+-----
Transmutations | 3 4 5 |  5.2
Unarmed Combat | 4 5 7 9 |  9.5
Poison Magic   | 1 3 |  3.0
Fighting       | |  1.1
Dodging        | |  1.7
Spellcasting   | |  2.0

Action                   |  1- 3 |  4- 6 |  7- 9 || total
-------------------------+-------+-------+-------++-------
Melee: Unarmed           |   124 |   119 |   119 ||   362
       Kick              |    11 |       |       ||    11
       Headbutt          |    11 |       |       ||    11
       Tailslap          |     5 |     1 |     6 ||    12
       Punch             |       |       |     3 ||     3
       War axe           |       |       |    13 ||    13
 Cast: Beastly Appendage |    21 |     2 |     1 ||    24
       Spider Form       |     3 |    20 |    12 ||    35
       Sticks to Snakes  |       |     1 |       ||     1
  Use: Potion            |     3 |     2 |     2 ||     7
       Scroll            |     2 |     6 |     4 ||    12
 Stab: Sleeping          |       |     1 |       ||     1
  Eat: Chunk             |     2 |     9 |     5 ||    16
       Ration            |       |       |     1 ||     1
Armor: Skin              |    32 |    21 |    13 ||    66
Dodge: Dodged            |    80 |   104 |   113 ||   297

Table legend:
 A = Spawn XP
 B = Non-spawn XP
 C = Spawn XP percentage of total XP
 D = Spawn monster count
 E = Non-spawn monster count
 F = Spawn count percentage of total count
 G = Total turns spent on level
                    A         B        C        D         E        F      G
               +---------+---------+-------+---------+---------+-------+---------
         Total |       0 |    2223 |   0.0 |       0 |     133 |   0.0 |  5618
               +---------+---------+-------+---------+---------+-------+---------
           D:1 |       0 |      41 |   0.0 |       0 |      25 |   0.0 |   878
           D:2 |       0 |     127 |   0.0 |       0 |      36 |   0.0 |  1175
           D:3 |       0 |     112 |   0.0 |       0 |      20 |   0.0 |   673
           D:4 |       0 |     656 |   0.0 |       0 |      17 |   0.0 |  1555
           D:5 |       0 |     639 |   0.0 |       0 |      22 |   0.0 |   843
           D:6 |       0 |     648 |   0.0 |       0 |      13 |   0.0 |   138
               +---------+---------+-------+---------+---------+-------+---------

Vault maps used:
D:1:      matt_arrival_los_fun, serial_forest, infiniplex_forest_straight_4,
          infiniplex_forest_clump_small, infiniplex_forest_3_way,
          infiniplex_forest_zigzag_2, infiniplex_forest_end_double
D:2:      minmay_misc_feat_columns, minmay_unequal
D:3:      ebering_ghost_reflecting_pool, grunt_decor_resistance, st_stairs_13
D:4:      first_ration, guppyfry_shop_venom
D:5:      minmay_temple_entry_trees
D:6:      hangedman_decor_riveting
Temple:   nicolae_temple_the_god_donut

Table legend:
 A = Turns spent in this place as a percentage of turns spent in the entire game.
 B = Non-inter-level travel turns spent in this place as a percentage of non-inter-level travel turns spent in the entire game.
 C = Inter-level travel turns spent in this place as a percentage of turns spent in this place.
 D = Turns resting spent in this place as a percentage of non-inter-level travel turns spent in this place.
 E = Turns spent auto-exploring this place as a percentage of non-inter-level travel turns spent in this place.
 F = Non-inter-level travel turns spent in this place divided by the number of levels of this place that you've seen.
                   A       B       C       D       E      F
               +-------+-------+-------+-------+-------+----------------------
         Total | 100.0 | 100.0 |   4.6 |  12.0 |  69.2 | 765.6
       Dungeon |  93.7 |  94.0 |   4.2 |  12.7 |  67.3 | 839.8
        Temple |   6.3 |   6.0 |  10.1 |   0.0 |  98.8 | 320.0
               +-------+-------+-------+-------+-------+----------------------

Table legend:
 A = Kills in this place as a percentage of kills in entire the game.
 B = Kills by you in this place as a percentage of kills by you in the entire game.
 C = Kills by friends in this place as a percentage of kills by friends in the entire game.
 D = Other kills in this place as a percentage of other kills in the entire game.
 E = Experience gained in this place as a percentage of experience gained in the entire game.
 F = Experience gained in this place divided by the number of levels of this place that you have seen.
                   A       B       C       D       E      F
               +-------+-------+-------+-------+-------+----------------------
         Total | 100.0 | 100.0 |   N/A |   N/A | 100.0 | 317.6
       Dungeon | 100.0 | 100.0 |   N/A |   N/A | 100.0 | 370.5
               +-------+-------+-------+-------+-------+----------------------
